 Dungeon Crawl Stone Soup version 0.17-a0-2055-gb4e23be (webtiles) character file.

1645 Jackolantern the Covert (level 8, -3/37 HPs)
             Began as a Spriggan Enchanter on Oct 12, 2015.
             Was an Initiate of Sif Muna.
             Slain by a yak (16 damage)
             ... on level 9 of the Dungeon.
             The game lasted 00:30:25 (6519 turns).

Jackolantern the Covert (Spriggan Enchanter)        Turns: 6519, Time: 00:30:25

Health: -3/37      AC:  4    Str:  4      XL:     8   Next: 67%
Magic:  14/17      EV: 22    Int: 16 (17) God:    Sif Muna [......]
Gold:   252        SH:  6    Dex: 19      Spells: 5 memorised, 6 levels left

rFire  + . .     SeeInvis +     y - +2 short sword
rCold  . . .     Clarity  .     b - +1 robe
rNeg   . . .     SustAt   .     l - +0 buckler
rPois  .         Gourm    .     (helmet restricted)
rElec  .         Spirit   .     (no cloak)
rCorr  .         Warding  .     (gloves unavailable)
rMut   .         Stasis   .     (boots unavailable)
MR     +....                    (no amulet)
Stlth  +++++.....               f - +3 ring of dexterity
                                o - ring of protection from fire

@: very quick, somewhat resistant to hostile enchantments, quite stealthy
A: unfitting armour, thin metallic scales 1, see invisible, deformed body, dopey
1, herbivore 3, speed 3, slow metabolism 2
a: Renounce Religion


You were on level 9 of the Dungeon.
You worshipped Sif Muna.
Sif Muna was noncommittal.
You were not hungry.

You visited 1 branch of the dungeon, and saw 8 of its levels.

You collected 252 gold pieces.

Inventory:

Hand Weapons
 a - a +1 dagger
 y - a +2 short sword (weapon)
Armour
 b - a +1 robe (worn)
 l - a +0 buckler (worn)
Jewellery
 e - an uncursed ring of ice
 f - a +3 ring of dexterity (right hand)
 o - a ring of protection from fire (left hand)
Wands
 j - a wand of fireball (12)
 p - a wand of fireball (9)
 v - a wand of cold (5)
Scrolls
 g - 2 scrolls of remove curse
 n - 2 scrolls of identify
 q - 2 scrolls of teleportation
 s - 2 scrolls of fear
 u - a scroll of enchant weapon {unknown}
Potions
 h - a potion of cure mutation
 i - 3 potions of heal wounds
 k - a potion of might
 m - a potion of ambrosia
 r - 2 potions of brilliance {unknown}
 t - a potion of curing
Books
 c - a book of Maledictions

   Spells                             Type                      Level
   a - Corona                         Hexes                        1
   b - Ensorcelled Hibernation        Hexes/Ice                    2
   c - Confuse                        Hexes                        3
   d - Tukima's Dance                 Hexes                        3
   e - Dazzling Spray                 Conjuration/Hexes            3
Comestibles
 d - 4 bread rations
 w - a slice of pizza


   Skills:
 + Level 1.3 Fighting
 * Level 3.4 Short Blades
 + Level 6.6 Dodging
 * Level 9.8 Stealth
 + Level 0.9 Shields
 + Level 5.8 Spellcasting
 + Level 0.7 Conjurations
 * Level 7.1 Hexes
 + Level 2.0 Ice Magic


You had 6 spell levels left.
You knew the following spells:

 Your Spells              Type           Power        Failure   Level  Hunger
a - Corona                Hex            ####...      1%          1    None
b - Ensorcelled Hibernat  Hex/Ice        ###...       6%          2    #......
c - Confuse               Hex            ####....     3%          3    ##.....
d - Tukima's Dance        Hex            ####....     3%          3    ##.....
e - Dazzling Spray        Conj/Hex       ###.....     17%         3    ##.....


Dungeon Overview and Level Annotations

Branches:
Dungeon (9/15)             Temple (0/1) D:7
   Lair: D:8-11         Orc: D:9-12

Altars:
Nemelex Xobeh
Okawaru
Ru
Sif Muna
Vehumet
Xom
Yredelemnul

Annotations:
D:5 Menkaure; edgefigaro's ghost, novice KoTm


Innate Abilities, Weirdness & Mutations

You are tiny and cannot use many weapons and most armour.
You have supernaturally acute eyesight.
You are a herbivore.
You cover ground extremely quickly.
You need consume almost no food.
You are partially covered in thin metallic scales (AC +2).
Armour fits poorly on your strangely shaped body.
You are dopey. (Int -2)


Message History

Press: ? - help, Shift-Dir - straight line, f/p - yak
Aim: a yak (almost dead, chance to defeat MR: 50%)
The yak is unaffected.
The yak bellows!
The yak misses you.
You hit the yak.
The yak is almost dead.
The yak closely misses you.
You hit the yak but do no damage.
The yak is almost dead.
You closely miss the yak.
The yak is almost dead.
The yak misses you.
You hit the yak.
The yak is almost dead.
The yak gores you!
You hit the yak.
The yak is almost dead.
The yak gores you!
You die...

#.# #.# #.# #.# #.#
#.# #.# ... #.# #.#
#.# #.## #.# #.#
.Y..Y###.###########.#
#.Y......YYYYY@..[.#
#Y..####.#############
.. ...# #####


You could see 5 yaks.

Vanquished Creatures
  Sigmund (D:2)
  Eustachio (D:4)
  Duvessa (D:7)
  An orc warrior (D:7)
  A phantom (D:4)
  An ogre (D:7)
  A centaur (D:7)
  Blork the orc (D:4)
  A giant frog (D:7)
  2 wights (D:6)
  A centaur zombie (D:7)
  A hound (D:4)
  An orc priest (D:4)
  4 orc wizards
  Natasha (thrice) (D:2)
  3 worker ants
  A hound zombie (D:6)
  A worker ant zombie (D:6)
  10 adders
  3 gnolls (D:5)
  An ooze (D:4)
  An adder zombie (D:6)
  5 worms
  3 giant geckos
  16 orcs
  11 goblins
  6 hobgoblins
  11 kobolds
  A ball python (D:5)
  4 giant cockroaches
  4 giant newts
  3 jackals (D:6)
  A jackal skeleton (D:6)
  6 rats
112 creatures vanquished.

Vanquished Creatures (collateral kills)
  Dowan (D:7)
  3 wights (D:6)
  An orc wizard (D:7)
  A gnoll shaman (D:5)
  A shadow imp (D:6)
7 creatures vanquished.

Grand Total: 119 creatures vanquished

Notes
Turn   | Place    | Note
--------------------------------------------------------------
     0 | D:1      | Jackolantern the Spriggan Enchanter began the quest for the Orb.
     0 | D:1      | Reached XP level 1. HP: 9/9 MP: 5/5
   125 | D:1      | Reached XP level 2. HP: 8/13 MP: 6/6
   133 | D:1      | Learned a level 2 spell: Ensorcelled Hibernation
   191 | D:2      | Noticed Natasha
   194 | D:2      | Killed Natasha
   194 | D:2      | Reached skill level 5 in Stealth
   194 | D:2      | Reached XP level 3. HP: 12/16 MP: 3/8
   428 | D:2      | Noticed Natasha
   699 | D:2      | Learned a level 3 spell: Confuse
   906 | D:2      | Killed Natasha
   906 | D:2      | Reached XP level 4. HP: 14/21 MP: 5/9
   970 | D:2      | Noticed Sigmund
  1665 | D:2      | Killed Sigmund
  1665 | D:2      | Reached skill level 6 in Stealth
  1665 | D:2      | Reached skill level 1 in Ice Magic
  1665 | D:2      | Reached XP level 5. HP: 19/24 MP: 8/12
  1990 | D:2      | Noticed Natasha
  1999 | D:2      | Killed Natasha
  2088 | D:3      | Learned a level 3 spell: Tukima's Dance
  2092 | D:3      | Learned a level 3 spell: Dazzling Spray
  2163 | D:3      | Reached XP level 6. HP: 28/28 MP: 13/13
  2478 | D:3      | Found a sacrificial altar of Ru.
  2478 | D:3      | Found a sparkling altar of Nemelex Xobeh.
  2478 | D:3      | Found a radiant altar of Vehumet.
  2478 | D:3      | Found an iron altar of Okawaru.
  2486 | D:3      | Found a basalt altar of Yredelemnul.
  2497 | D:3      | Found a shimmering altar of Xom.
  2520 | D:3      | Reached skill level 7 in Stealth
  2897 | D:3      | Became a worshipper of Vehumet
  3232 | D:4      | Reached skill level 5 in Hexes
  3385 | D:4      | Noticed Eustachio
  3391 | D:4      | Killed Eustachio
  3391 | D:4      | Reached skill level 8 in Stealth
  3391 | D:4      | Reached XP level 7. HP: 25/32 MP: 9/14
  3443 | D:4      | Noticed Blork the orc
  3452 | D:4      | Killed Blork the orc
  3576 | D:4      | Reached skill level 1 in Fighting
  3576 | D:4      | Reached skill level 9 in Stealth
  3694 | D:4      | Reached skill level 5 in Dodging
  3812 | D:5      | Entered Level 5 of the Dungeon
  3821 | D:5      | Noticed edgefigaro's ghost (novice KoTm)
  3856 | D:5      | Noticed Menkaure
  4180 | D:5      | Found a glowing drain.
  4194 | D:5      | Acquired Vehumet's first power
  4194 | D:5      | Offered knowledge of Freeze by Vehumet.
  4792 | D:6      | Reached skill level 5 in Spellcasting
  5437 | D:6      | Reached XP level 8. HP: 37/37 MP: 9/16
  5543 | D:6      | Gained mutation: You are dopey. (Int -2) [potion of mutation]
  5543 | D:6      | Gained mutation: You are partially covered in thin metallic scales (AC +2). [potion of mutation]
  5543 | D:6      | Gained mutation: Armour fits poorly on your strangely shaped body. [potion of mutation]
  6133 | D:7      | Noticed Duvessa
  6133 | D:7      | Noticed Dowan
  6136 | D:7      | Killed Duvessa
  6151 | D:7      | Killed Dowan
  6171 | D:7      | Found a deep blue altar of Sif Muna.
  6195 | D:7      | Fell from the grace of Vehumet
  6195 | D:7      | Became a worshipper of Sif Muna the Loreminder
  6250 | D:7      | Found a staircase to the Ecumenical Temple.
  6477 | D:7      | You fall through a shaft for 2 floors!
  6519 | D:9      | Slain by a yak

Vault maps used:
D:1:      erik_arrival_cave_to_civilisation
D:2:      uniq_sigmund, uniq_natasha
D:3:      minmay_overflow_temple_hex, first_bread
D:4:      uniq_blork_the_orc, uniq_eustachio
D:5:      grunt_dithmenos_smoke_and_mirrors, portal_sewer_entry_a,
          minmay_misc_feat_more_columns, uniq_menkaure, uniq_edmund,
          uniq_crazy_yiuf_cottage
D:7:      kennysheep_orc_sif_temple, minivault_27, the_bakery, uniq_duvessa
D:9:      hiddenorc2_lemuel

Action                   |  1- 3 |  4- 6 |  7- 9 || total
-------------------------+-------+-------+-------++-------
Melee: Dagger            |    57 |    97 |    88 ||   242
       Short sword       |       |       |    78 ||    78
 Cast: Ensorcelled Hiber |    10 |    15 |    16 ||    41
       Confuse           |       |     8 |     9 ||    17
       Dazzling Spray    |       |     6 |    13 ||    19
       Tukima's Dance    |       |       |    18 ||    18
       Corona            |       |       |     1 ||     1
  Use: Scroll            |       |     2 |     6 ||     8
       Potion            |       |       |     8 ||     8
 Stab: Sleeping          |    14 |    20 |    18 ||    52
       Distracted        |       |     1 |     1 ||     2
       Invisible         |       |     4 |       ||     4
       Confused          |       |     1 |     2 ||     3
  Eat: Pizza             |       |     1 |     1 ||     2
       Bread ration      |       |     1 |       ||     1
